 Dungeon Crawl Stone Soup version 0.26.0-18-gc5c842f807 (webtiles) character file.

Game seed: 8045503991122350060

888 kaeus the Firebug (level 8, 0/46 HPs)
             Began as an Octopode Fire Elementalist on Jan 22, 2021.
             Slain by an ogre
             ... wielding a +0 giant club
              (24 damage)
             ... on level 4 of the Dungeon.
             The game lasted 00:05:59 (7687 turns).

kaeus the Firebug (Octopode Fire Elementalist)      Turns: 7687, Time: 00:06:00

Health: 0/46       AC:  1    Str:  7    XL:     8   Next: 6%
Magic:  4/14       EV: 15    Int: 19    God:
Gold:   167        SH:  0    Dex: 13    Spells: 5/15 levels left

rFire    . . .     SeeInvis .   l - +2 dire flail (vorpal)
rCold    . . .     Faith    .   (shield currently unavailable)
rNeg     . . .     Spirit   .   (helmet restricted)
rPois    .         Reflect  .   (no amulet)
rElec    .         Harm     .   (no ring)
rCorr    .         Rampage  .   (no ring)
Will     .....                  (no ring)
Stlth    +++.......             (no ring)
HPRegen  0.15/turn              (no ring)
MPRegen  0.14/turn              (no ring)
                                (no ring)
                                (no ring)

@: no status effects
A: almost no armour, stealthy swim, amphibious, 8 rings, constrict 8, camouflage
1, gelatinous body 1
a: no special abilities


You were on level 4 of the Dungeon.
You visited 1 branch of the dungeon, and saw 5 of its levels.

You collected 167 gold pieces.

Inventory:

Hand Weapons
 c - a +0 dagger
 l - a +2 vorpal dire flail (weapon)
Wands
 k - a wand of disintegration (20)
Scrolls
 a - a scroll of noise {unknown}
 b - 4 scrolls of identify {unknown}
 e - 3 scrolls of magic mapping {unknown}
 f - 2 scrolls of remove curse {unknown}
Potions
 d - 3 potions of curing {unknown}
 g - 3 potions of flight {unknown}
 h - 3 potions of mutation {unknown}
 i - a potion of invisibility {unknown}
 j - a potion of magic {unknown}


   Skills:
 + Level 4.4 Dodging
 - Level 2.7 Stealth
 + Level 4.2 Spellcasting
 + Level 4.0 Conjurations
 * Level 6.1 Fire Magic


You had 5 spell levels left.
You knew the following spells:

 Your Spells              Type           Power        Failure   Level
a - Foxfire               Conj/Fire      92%          1%          1
b - Sticky Flame          Conj/Fire      23%          17%         4
c - Fireball              Conj/Fire      11%          43%         5

Your spell library contained the following spells:

 Spells                   Type           Power        Failure   Level
 Magic Dart               Conj           76%          2%          1
 Searing Ray              Conj           38%          4%          2
 Conjure Flame            Conj/Fire      23%          4%          3
 Shock                    Conj/Air       44%          6%          1
 Inner Flame              Hex/Fire       15%          12%         3
 Animate Skeleton         Necr           6%           14%         1
 Apportation              Tloc           6%           14%         1
 Corona                   Hex            3%           14%         1
 Summon Small Mammal      Summ           12%          14%         1
 Dazzling Flash           Conj/Hex       22%          19%         3
 Static Discharge         Conj/Air       11%          19%         3
 Swiftness                Air            3%           21%         2
 Fulminant Prism          Conj/Hex       5%           52%         4
 Iskenderun's Mystic Bla  Conj/Tloc      11%          52%         4
 Airstrike                Air            1%           80%         4
 Lightning Bolt           Conj/Air       5%           86%         5


Dungeon Overview and Level Annotations

Branches:
Dungeon (5/15)
 Temple: D:4-7

Altars:

Shops:
D:4 [}


Innate Abilities, Weirdness & Mutations

You cannot wear most types of armour.
You are very stealthy in the water. (Stealth+)
You are amphibious.
You can wear up to eight rings at the same time.
You can use your tentacles to constrict eight enemies at once.
Your skin changes colour to match your surroundings (Stealth+).
Your rubbery body absorbs attacks. (AC +1, EV +1)


Message History

Casting: Foxfire (safe; 1% risk of failure)
Confirm with . or Enter, or press ? or * to list all spells.
Aiming: Sticky Flame (quite dangerous; 17% risk of failure)
Press: ? - help, Shift-Dir - straight line, f - ogre
Aim: an ogre, wielding a +0 giant club (0% to evade)
The sticky flame hits the ogre.
The ogre is lightly wounded.
The ogre is covered in liquid flames!
The ogre burns!
You now have 4/14 mp.
You barely miss the ogre.
The ogre is moderately wounded.
The ogre burns!
The ogre hits you with a +0 giant club!!
You take 22 damage, and have 24/46 hp.
MASSIVE DAMAGE!!
You hit the ogre.
The ogre is severely wounded.
The ogre burns!
The ogre stops burning.
The ogre hits you with a +0 giant club!!
Ouch! That really hurt!
You die...

####...)....#.'####'.#.#
#####....#.#....#.#.#
#.....#.#.##[#.#.# #####
#.....#.#.##.#.#.###
##...###.....#.#....#.#...##
#.....#......#.+####'.#.....
#.....#......#........#.##..
#....#......O+########'.###.
#....#.....@.)..........# #.
#...#.....#####.........# #.
##..#....## #.........###.
#.#....## #...<......#..
###...## ##.........#..
#...## #.........#.# ##..##
##........#.# #..##
##......#..# #.##
##...###..#


You could see an ogre.

Vanquished Creatures
  Grinder (D:4)
  Edmund (D:4)
  A scorpion (D:4)
  A bullfrog zombie (D:4)
  An orc priest (D:3)
  6 orc wizards
  2 worker ants (D:4)
  2 adders
  9 gnolls
  3 oozes
  3 worms
  5 dart slugs
  4 leopard geckos
  16 orcs
  8 bats
  4 giant cockroaches
  8 goblins
  10 hobgoblins
  8 jackals
  2 quokkas
  2 ball pythons (D:2)
  6 frilled lizards
  7 kobolds
  5 rats
115 creatures vanquished.

Vanquished Creatures (collateral kills)
  11 foxfires (D:1)
11 creatures vanquished.

Vanquished Creatures (others)
  419 foxfires
  A plant (D:1)
420 creatures vanquished.

Grand Total: 546 creatures vanquished

Notes
Turn   | Place    | Note
-------+----------+-------------------------------------------
     0 | D:1      | kaeus the Octopode Fire Elementalist began the quest for
                  | the Orb.
     0 | D:1      | Reached XP level 1. HP: 11/11 MP: 3/3
   412 | D:1      | Reached XP level 2. HP: 17/17 MP: 1/5
  1007 | D:1      | Reached XP level 3. HP: 11/21 MP: 1/6
  2549 | D:2      | Reached XP level 4. HP: 27/27 MP: 0/7
  2916 | D:2      | Learned a level 4 spell: Sticky Flame
  3354 | D:3      | Reached XP level 5. HP: 21/31 MP: 4/9
  3516 | D:3      | Reached skill level 4 in Fire Magic
  4750 | D:3      | Reached XP level 6. HP: 20/36 MP: 1/10
  5138 | D:3      | Learned a level 5 spell: Fireball
  5306 | D:4      | Noticed Grinder
  5323 | D:4      | Killed Grinder
  5324 | D:4      | Reached skill level 5 in Fire Magic
  5324 | D:4      | Reached XP level 7. HP: 4/41 MP: 4/12
  5931 | D:4      | Found Ceypp's Antique Armour Shop.
  5992 | D:4      | Found Hoxiux's Gadget Shop.
  7185 | D:4      | Noticed Edmund
  7194 | D:4      | Killed Edmund
  7195 | D:4      | Reached skill level 6 in Fire Magic
  7321 | D:4      | Reached XP level 8. HP: 46/46 MP: 7/14
  7598 | D:5      | Entered Level 5 of the Dungeon
  7687 | D:4      | Slain by an ogre

Illustrated notes

Levels and vault maps discovered:
D:1:      ncdulo_lavacross, layout_loops_ring, grunt_decor_junction,
          chequers_serial_rivers_marsh, serial_bayou_pond_c,
          minmay_stone_trees_medium, minmay_misc_feat_roman
D:2:      layout_basic
D:3:      layout_loops_ring
D:4:      layout_cave_pods, serial_shops, shop, shop, minivault_11,
          grunt_ministairs_11, uniq_edmund, uniq_grinder
D:5:      layout_basic, gammafunk_temple_overflow_arena

Skill      XL: |  1  2  3  4  5  6  7  8 |
---------------+-------------------------+-----
Conjurations   | 2 3 4 |  4.0
Dodging        | 3 4 |  4.4
Spellcasting   | 3 4 |  4.2
Fire Magic     | 4 5 6 |  6.1
Stealth        | |  2.7

Action                   |  1- 3 |  4- 6 |  7- 9 || total
-------------------------+-------+-------+-------++-------
Melee: Dagger            |    35 |    55 |    16 ||   106
       Constrict         |     9 |    13 |     8 ||    30
       Unarmed           |     2 |       |       ||     2
       Tentacles         |     4 |    11 |     5 ||    20
       Dire flail        |       |       |    10 ||    10
 Cast: Foxfire           |   104 |   125 |    99 ||   328
       Sticky Flame      |       |       |     1 ||     1
 Stab: Sleeping          |     1 |     1 |       ||     2
Armor: Skin              |     1 |     4 |     1 ||     6
Dodge: Dodged            |    15 |    26 |     9 ||    50
